 Dungeon Crawl Stone Soup version 0.28.0 (webtiles) character file.

Game seed: 13938567320501588592

6685 mortz the Cleaver (level 11, -2/97 HPs)
             Began as a Hill Orc Fighter on Feb 18, 2022.
             Was an Elder of the Shining One.
             Slain by a 12-headed hydra (12 damage)
             ... on level 9 of the Dungeon.
             The game lasted 01:00:01 (11589 turns).

mortz the Cleaver (Hill Orc Fighter)               Turns: 11589, Time: 01:00:02

Health: -2/97      AC: 14    Str: 22    XL:     11   Next: 3%
Magic:  11/11      EV:  9    Int: 20    God:    the Shining One [****..]
Gold:   378        SH:  0    Dex: 12    Spells: 10/10 levels left

rFire   . . .      SeeInvis .   W - +4 battleaxe
rCold   . . .      Faith    .   (shield currently unavailable)
rNeg    + + .      Spirit   .   A - +0 chain mail
rPois   .          Reflect  .   (no helmet)
rElec   .          Harm     .   o - +0 cloak
rCorr   .          Rampage  .   (no gloves)
Will    .....                   C - +0 pair of boots
Stlth   ..........              (no amulet)
HPRegen 0.26/turn               m - +6 ring of intelligence
MPRegen 0.12/turn               s - +6 ring of intelligence

@: glowing
A: no striking features
a: Renounce Religion, Divine Shield, Cleansing Flame


You were on level 9 of the Dungeon.
You worshipped the Shining One.
The Shining One was greatly pleased with you.
You visited 1 branch of the dungeon, and saw 9 of its levels.
You also visited: Ossuary.

You collected 624 gold pieces.
You spent 246 gold pieces at shops.

Inventory:

Hand Weapons
 a - a +0 war axe
 b - a +0 long sword
 h - a +0 vorpal spear
 p - a +1 vorpal spear
 t - a +1 dagger of protection
 y - a +0 whip of flaming
 D - a +0 mace of protection
 H - a +0 dagger of protection
 P - a +1 whip of freezing
 S - a +1 shortbow of flaming
 U - the +7 hunting sling "Poasiaps" {flame, rElec Int+5 Stlth-}
   (You found it on level 8 of the Dungeon)

   Any ammunition fired from it burns those it strikes, dealing additional fire
   damage.
   Int:       It affects your intelligence (+5).
   rElec:     It insulates you from electricity.
   Stlth:     It makes you less stealthy.
 W - a +4 battleaxe (weapon)
 X - a +2 battleaxe
 Y - a +3 scimitar
Missiles
 u - 11 poisoned darts
 w - 2 throwing nets
 G - 2 curare-tipped darts
 V - 102 stones
Armour
 c - a +0 buckler
 o - a +0 cloak (worn)
 A - a +0 chain mail (worn)
 C - a +0 pair of boots (worn)
 Q - a +2 robe
Jewellery
 m - a +6 ring of intelligence (left hand)
 s - a +6 ring of intelligence (right hand)
 F - an amulet of guardian spirit
 J - a ring of see invisible
Wands
 E - a wand of digging (3)
 T - a wand of acid (13)
Scrolls
 f - 8 scrolls of teleportation
 g - a scroll of fear {unknown}
 l - 3 scrolls of magic mapping
 q - 3 scrolls of blinking
 r - 2 scrolls of amnesia {unknown}
 z - a scroll of immolation {unknown}
 B - a scroll of vulnerability {unknown}
 R - a scroll of fog {unknown}
Potions
 d - 2 potions of might
 e - 2 potions of berserk rage
 i - a potion of brilliance {unknown}
 j - 2 potions of heal wounds
 k - 4 potions of magic
 v - 4 potions of lignification
 x - a potion of haste {unknown}
 I - 4 potions of curing
 K - a potion of flight {unknown}
 L - a potion of cancellation {unknown}
 M - a potion of attraction {unknown}
 N - 2 potions of ambrosia {unknown}


   Skills:
 + Level 9.3 Fighting
 + Level 14.7 Axes
 + Level 9.3 Armour
 + Level 2.0 Dodging
 + Level 0.7 Stealth
 + Level 6.0 Shields


You had 10 spell levels left.
You didn't know any spells.
Your spell library contained the following spells:

 Spells                   Type           Power      Damage    Failure   Level
 Beastly Appendage        Tmut           0%         N/A       77%         1
 Static Discharge         Conj/Air       0%         N/A       88%         2
 Wereblood                Tmut           0%         N/A       88%         2
 Spider Form              Tmut/Pois      0%         N/A       98%         3
 Tukima's Dance           Hex            0%         N/A       98%         3
 Anguish                  Hex/Necr       0%         N/A       100%        4
 Dispel Undead            Necr           0%         3d6       100%        4
 Leda's Liquefaction      Hex/Erth       0%         N/A       100%        4
 Sticky Flame             Conj/Fire      0%         2d3       100%        4
 Lee's Rapid Deconstruct  Erth           0%         3d5*      100%        5
 Statue Form              Tmut/Erth      0%         N/A       100%        6
 Enfeeble                 Hex            0%         N/A       100%        7


Dungeon Overview and Level Annotations

Branches:
Dungeon (9/15)             Temple (0/1) D:5         Ossuary (visited)
   Lair: D:8-11         Orc: D:9-12

Altars:
Cheibriados
Dithmenos
Fedhas
Okawaru
Qazlal
Uskayaw
Vehumet
Zin
The Shining One

Shops:
D:7 ?

Annotations:
D:4 3 runed translucent doors, arthad's ghost, novice OpWn


Message History

The nine-headed hydra bites you. x2; The nine-headed hydra bites you! x2
The nine-headed hydra bites you.
The nine-headed hydra closely misses you.
The nine-headed hydra bites you but does no damage. x3
You chop one of the nine-headed hydra's heads off!
The eight-headed hydra grows two more!
You slice the ten-headed hydra!!
The ten-headed hydra is severely wounded.
The ten-headed hydra completely misses you.
The ten-headed hydra barely misses you. The ten-headed hydra bites you.
The ten-headed hydra bites you but does no damage.
The ten-headed hydra barely misses you. The ten-headed hydra bites you.
The ten-headed hydra closely misses you.
The ten-headed hydra barely misses you. The ten-headed hydra bites you!
The ten-headed hydra bites you but does no damage.
You chop one of the ten-headed hydra's heads off!
The nine-headed hydra grows two more!
You slash the 11-headed hydra!
The 11-headed hydra is severely wounded.
The 11-headed hydra bites you.
The 11-headed hydra bites you but does no damage.
The 11-headed hydra bites you.
The 11-headed hydra bites you but does no damage. x3
The 11-headed hydra bites you.
* * * LOW HITPOINT WARNING * * *
The 11-headed hydra bites you but does no damage. x2
The 11-headed hydra barely misses you. x2
You slice one of the 11-headed hydra's heads off!
The ten-headed hydra grows two more!
You hit the 12-headed hydra.
The 12-headed hydra is heavily wounded.
The 12-headed hydra bites you but does no damage. x3
The 12-headed hydra barely misses you. The 12-headed hydra bites you.
* * * LOW HITPOINT WARNING * * *
The 12-headed hydra bites you.
* * * LOW HITPOINT WARNING * * *
The 12-headed hydra bites you.
* * * LOW HITPOINT WARNING * * *
The 12-headed hydra bites you but does no damage.
The 12-headed hydra bites you.
* * * LOW HITPOINT WARNING * * *
The 12-headed hydra barely misses you. The 12-headed hydra bites you!
You die...

#######.##.## #.#
#.......##.# #.#
##########.# #.# #.# #.#
#.# #.# #.# #.# ##.# #.#
#..# #.# #@## #.#
......D...# #.#
#........#.# #.#
#.######.#.## #.# #.#
#....# #.# #.# #.#..# #.#
#.# #.#..# #.##### #.#
###.#..# #.....# #
##.####......###########.#


You could see a 12-headed hydra.

Vanquished Creatures
  A two-headed ogre (D:8)
  Pikel (D:7)
  Joseph (D:7)
  A hornet (D:9)
  Prince Ribbit (D:8)
  Grinder (D:6)
  Grum (D:8)
  Eustachio (D:4)
  An acid dragon (D:9)
  2 water moccasins
  A black bear (D:5)
  An orc warrior (D:7)
  The ghost of Jenx the Chopper, an amateur MiBe of Trog (D:3)
  4 ice beasts
  4 ogres
  6 wolves
  6 centaurs
  4 lemures (D:7)
  2 kobold brigands
  4 bullfrogs
  A gnoll sergeant (D:7)
  A wyvern zombie (D:7)
  2 scorpions
  A wyvern skeleton (D:7)
  A water moccasin skeleton (D:5)
  8 killer bees
  4 wights (D:8)
  2 centaur zombies
  A hound (D:6)
  2 jellies (D:6)
  A bullfrog skeleton (D:5)
  3 centaur skeletons
  A gnoll shaman (D:8)
  2 human zombies (Ossuary)
  3 iguanas (D:5)
  3 orc wizards
  A killer bee zombie (D:8)
  2 hound zombies (Ossuary)
  2 howler monkey zombies (D:9)
  4 mummies
  3 adders (D:3)
  18 gnolls
  A shadow imp (D:5)
  2 white imps (D:9)
  2 adder zombies (Ossuary)
  A worm (D:3)
  3 dart slugs
  14 orcs
  4 bats
  6 endoplasms
  3 giant cockroaches
  24 goblins
  15 hobgoblins
  4 jackals (D:2)
  20 kobolds
  3 quokkas (D:1)
  12 ball pythons
  4 frilled lizards
  5 goblin zombies
  4 hobgoblin zombies (Ossuary)
  3 jackal zombies (Ossuary)
  2 kobold zombies (Ossuary)
  4 orc zombies
  4 quokka zombies (Ossuary)
  7 rats
  3 rat zombies (Ossuary)
260 creatures vanquished.

Notes
Turn   | Place    | Note
-------+----------+-------------------------------------------
     0 | D:1      | mortz the Hill Orc Fighter began the quest for the Orb.
     0 | D:1      | Reached XP level 1. HP: 19/19 MP: 1/1
    52 | D:1      | Reached XP level 2. HP: 27/27 MP: 2/2
   530 | D:1      | Reached skill level 3 in Axes
   579 | D:1      | Reached XP level 3. HP: 33/33 MP: 3/3
  1245 | D:2      | Found a faded altar of an unknown god.
  1305 | D:2      | Found a hide-covered altar of Uskayaw.
  1830 | D:3      | Reached XP level 4. HP: 38/40 MP: 4/4
  1833 | D:3      | Reached skill level 4 in Axes
  2276 | D:3      | Reached XP level 5. HP: 34/46 MP: 5/5
  2502 | D:3      | Found a glowing golden altar of the Shining One.
  2511 | D:3      | Became a worshipper of the Shining One
  2753 | D:3      | Found a runed translucent door.
  2756 | D:3      | Noticed Jenx's ghost (amateur MiBe)
  2796 | D:3      | Killed Jenx's ghost
  2797 | D:3      | Reached skill level 5 in Axes
  3025 | D:3      | Reached XP level 6. HP: 53/53 MP: 6/6
  3147 | D:4      | Found a runed translucent gate.
  3148 | D:4      | Found a runed translucent gate.
  3149 | D:4      | Found a runed translucent gate.
  3166 | D:4      | Noticed an ice beast
  3168 | D:4      | Noticed arthad's ghost (novice OpWn)
  3251 | D:4      | Noticed Eustachio
  3286 | D:4      | Killed Eustachio
  3287 | D:4      | Reached skill level 6 in Axes
  3287 | D:4      | Reached skill level 1 in Dodging
  3361 | D:4      | Reached * piety under the Shining One
  3371 | D:4      | Reached XP level 7. HP: 58/60 MP: 7/7
  3404 | D:4      | Reached skill level 7 in Axes
  3890 | D:5      | Entered Level 5 of the Dungeon
  3890 | D:5      | Found Zin's Purification Station.
  3890 | D:5      | Found a glowing silver altar of Zin.
  3908 | D:5      | Reached skill level 5 in Armour
  3953 | D:5      | Bought a potion of curing for 90 gold pieces
  4079 | D:5      | Reached skill level 5 in Fighting
  4093 | D:5      | Reached skill level 8 in Axes
  4190 | D:5      | Reached XP level 8. HP: 47/68 MP: 8/8
  4345 | D:5      | Reached skill level 9 in Axes
  4616 | D:5      | Found a hide-covered altar of Uskayaw.
  4673 | D:5      | Found a radiant altar of Vehumet.
  4744 | D:5      | Reached skill level 5 in Shields
  5046 | D:5      | Found a staircase to the Ecumenical Temple.
  5207 | D:6      | Reached skill level 10 in Axes
  5680 | D:6      | Noticed Grinder
  5727 | D:6      | Killed Grinder
  5728 | D:6      | Reached XP level 9. HP: 50/77 MP: 9/9
  6852 | D:6      | Found a stormy altar of Qazlal.
  7018 | D:6      | Found a blossoming altar of Fedhas.
  7048 | D:7      | Found Zoygiar's Magic Scroll Emporium.
  7057 | D:7      | Bought a scroll of identify for 24 gold pieces
  7057 | D:7      | Bought a scroll of teleportation for 36 gold pieces
  7057 | D:7      | Bought a scroll of teleportation for 36 gold pieces
  7057 | D:7      | Bought a scroll of teleportation for 36 gold pieces
  7057 | D:7      | Bought a scroll of identify for 24 gold pieces
  7087 | D:7      | Reached skill level 11 in Axes
  7118 | D:7      | Found a sand-covered staircase.
  7126 | Ossuary  | Entered an ossuary
  7186 | Ossuary  | Reached ** piety under the Shining One
  7367 | Ossuary  | Reached *** piety under the Shining One
  7642 | D:7      | Noticed Pikel
  7656 | D:7      | Found a flagged portal.
  7675 | D:7      | Killed Pikel
  7676 | D:7      | Reached skill level 12 in Axes
  7807 | D:7      | Noticed Joseph
  7825 | D:7      | The Shining One protects you from harm!
  7828 | D:7      | Killed Joseph
  8353 | D:7      | Reached XP level 10. HP: 88/88 MP: 10/10
  8509 | D:7      | Found a shadowy altar of Dithmenos.
  8513 | D:7      | Reached skill level 13 in Axes
  8659 | D:7      | Reached **** piety under the Shining One
  8964 | D:8      | Identified the +7 hunting sling "Poasiaps" {flame, rElec
                  | Int+5 Stlth-}
  9640 | D:8      | Found a snail-covered altar of Cheibriados.
  9666 | D:8      | Noticed Prince Ribbit
  9671 | D:8      | Killed Prince Ribbit
  9907 | D:8      | Noticed Grum
  9920 | D:8      | Killed Grum
 10250 | D:8      | Noticed a two-headed ogre
 10893 | D:8      | Killed a two-headed ogre
 10894 | D:8      | Reached skill level 14 in Axes
 11379 | D:9      | Reached XP level 11. HP: 97/97 MP: 11/11
 11561 | D:9      | Found an iron altar of Okawaru.
 11583 | D:9      | Noticed an eight-headed hydra
 11589 | D:9      | Slain by a 12-headed hydra

Illustrated notes

Levels and vault maps discovered:
D:1:      grunt_arrival_crossed_arrows, layout_basic, lemuel_flame_loot_1
D:2:      layout_rooms, ebering_ecumenical_altar_rust, basic_altar,
          roderic_serpentine_path, kennysheep_generic_room_15
D:3:      cheibrodos_greedy_goblins, layout_basic, mainiacjoe_overflow_paths,
          ebering_ghost_reflecting_pool, kennysheep_generic_room_4
D:4:      layout_cave_pools, gammafunk_ghost_icy, small_statue_intersection,
          uniq_eustachio
D:5:      layout_basic, zin_purify, fiery_altar_vehumet,
          nicolae_uskayaw_suspiria, lemuel_temple_firewalk_b,
          minmay_ogre_servants
D:6:      layout_layer_cave, fedhas_altar_4, general_overflow_altar,
          uniq_grinder
D:7:      layout_rooms, nicolae_dithmenos_through_a_glass_darkly,
          enter_bailey_3, nicolae_ossuary_entry_giza, serial_shops,
          nicolae_lakefront_shop, grunt_decor_resistance, uniq_pikel,
          uniq_joseph
D:8:      layout_gridville, marbit_many_paths, uniq_prince_ribbit1, uniq_grum
D:9:      layout_loops_ring, okawaru_altar_gauntlet_db, hiddenorc1_lemuel,
          serial_ice, serial_ice_h, serial_ice_o, serial_ice_k, serial_ice_n,
          uniq_psyche, uniq_erica

Skill      XL: |  1  2  3  4  5  6  7  8  9 10 |
---------------+-------------------------------+-----
Fighting       | 4 5 6 7 9 |  9.3
Axes           | 3 4 5 6 8 10 12 14 | 14.7
Armour         | 4 5 6 7 9 |  9.3
Shields        | 4 5 6 |  6.0
Dodging        | 1 2 |  2.0
Stealth        | |  0.7

Action                   |  1- 3 |  4- 6 |  7- 9 | 10-12 || total
-------------------------+-------+-------+-------+-------++-------
Melee: War axe           |   102 |   139 |   307 |    99 ||   647
       Battleaxe         |       |       |       |    70 ||    70
Throw: Stone             |    12 |       |       |       ||    12
  Use: Potion            |       |       |     5 |     1 ||     6
       Scroll            |       |       |       |    11 ||    11
Armor: Scale mail        |    52 |    52 |     6 |       ||   110
       Chain mail        |       |       |   147 |   128 ||   275
Dodge: Dodged            |    44 |    67 |    98 |    86 ||   295
Block: Buckler           |    22 |    23 |    65 |    30 ||   140
